 Dungeon Sprint DCSS version 0.28-a0-883-gc8d7bad45d (webtiles) character file.

Game seed: 12971017471701455452

2013 mhtbhm the Protected (level 9, -2/91 HPs)
             Began as a Minotaur Fighter on Nov 21, 2021.
             Was an Initiate of Gozag.
             Slain by a deep troll (16 damage)
             ... in the Dungeon (Sprint I: "Red Sonja").
             The game lasted 00:01:58 (981 turns).

mhtbhm the Protected (Minotaur Fighter)              Turns: 981, Time: 00:01:59

Health: -2/91      AC:  9    Str: 24    XL:     9   Next: 2%
Magic:  8/8        EV: 12    Int:  5    God:    Gozag
Gold:   825        SH:  6    Dex: 10    Spells: 8/8 levels left

rFire   . . .      SeeInvis .   a - +0 flail
rCold   . . .      Faith    .   c - +0 buckler
rNeg    . . .      Spirit   .   b - +0 scale mail
rPois   .          Reflect  .   (helmet restricted)
rElec   .          Harm     .   (no cloak)
rCorr   .          Rampage  .   (no gloves)
Will    .....      NoTele   +   (no boots)
Stlth   ..........              (no amulet)
HPRegen 0.25/turn               (no ring)
MPRegen 0.11/turn               (no ring)

@: no status effects
A: horns 2, retaliatory headbutt
a: Renounce Religion, Potion Petition, Call Merchant, Bribe Branch


You were in the Dungeon.
You worshipped Gozag.
Gozag was pleased with you.
You visited 1 branch You collected 939 gold pieces.
You spent 114 gold pieces at shops.

Inventory:

Hand Weapons
 a - a +0 flail (weapon)
Armour
 b - a +0 scale mail (worn)
 c - a +0 buckler (worn)
Scrolls
 e - a scroll of identify
 j - a scroll of blinking
Potions
 d - a potion of curing
 g - a potion of haste
 h - 2 potions of magic


   Skills:
 + Level 12.4 Fighting
 + Level 11.7 Maces & Flails
 + Level 12.9 Armour
 + Level 5.3 Dodging
 + Level 0.2 Stealth
 + Level 12.0 Shields


You had 8 spell levels left.
You didn't know any spells.
Your spell library was empty.

Dungeon Overview and Level Annotations

Branches:
Dungeon (1/1)

Altars:
Cheibriados
Dithmenos
Elyvilon
Fedhas
Gozag
Hepliaklqana
Kikubaaqudgha
Makhleb
Nemelex Xobeh
Okawaru
Qazlal
Ru
Sif Muna
Trog
Uskayaw
Vehumet
Wu Jian
Xom
Yredelemnul
Zin
The Shining One
Jiyva
Lugonu

Shops:
D ?


Innate Abilities, Weirdness & Mutations

You have a pair of horns on your head.
You reflexively headbutt those who attack you in melee.


Message History

You hit the deep troll.
The deep troll is lightly wounded.
The deep troll bites you but does no damage.
The deep troll claws you. The deep troll claws you!
You closely miss the deep troll.
The deep troll is lightly wounded.
You block the deep troll's attack. The deep troll closely misses you.
The deep troll claws you but does no damage.
You closely miss the deep troll. You headbutt the deep troll.
The deep troll is lightly wounded.
You hit the deep troll.
The deep troll is lightly wounded.
The deep troll bites you but does no damage.
The deep troll claws you! The deep troll misses you.
You thump the deep troll!
The deep troll is moderately wounded.
You block the deep troll's attack. x3
You closely miss the deep troll.
You headbutt the deep troll, but do no damage.
The deep troll is moderately wounded.
You block the deep troll's attack. The deep troll misses you.
The deep troll claws you!
You hit the deep troll.
The deep troll is heavily wounded.
The deep troll bites you! You block the deep troll's attack.
The deep troll claws you.
You sock the deep troll!
The deep troll is severely wounded.
The deep troll bites you!!
* * * LOW HITPOINT WARNING * * *
The deep troll claws you.
* * * LOW HITPOINT WARNING * * *
The deep troll closely misses you.
You hit the deep troll. You headbutt the deep troll.
The deep troll is severely wounded.
You closely miss the deep troll.
The deep troll is severely wounded.
The deep troll barely misses you. The deep troll claws you!
You die...
Your body crumbles into a pile of gold.

<.#..)..#.)'..#__#..+ $$
..').#..'..#..'..'..# $
..#####'#####'#__#### $
..####..#...#(####)§####
$ $
..#__####..##)#§§≈§)#..#
$
..#_____##'#_.'§≈§§§'..#
$
⌠⌠#_.∩...'..._#≈§≈§§#..#
$
###_..__##_.#'##§#####+#
$$#_____###+#[#.@..# $
####### ####T### $ $ $
$$.$$ $ $ $ $ ##### $ $$


$$$$ $ $ $ $$$$ $ $ $ $$$$ $ $ $$$ $ You could see a deep troll.

Vanquished Creatures
  2 centaur warriors (D)
  A hornet (D)
  A slime creature (D)
  Sigmund (D)
  A yak (D)
  An ogre (D)
  A jelly (D)
  Ijyb (D)
9 creatures vanquished.

Notes
Turn   | Place    | Note
-------+----------+-------------------------------------------
     0 | D        | mhtbhm the Minotaur Fighter began the quest for the Orb.
     0 | D        | Reached XP level 1. HP: 19/19 MP: 0/0
     1 | D        | Noticed Ijyb
    16 | D        | Killed Ijyb
    17 | D        | Reached skill level 5 in Fighting
    17 | D        | Reached skill level 5 in Armour
    17 | D        | Reached skill level 5 in Shields
    17 | D        | Reached XP level 2. HP: 29/29 MP: 1/1
   120 | D        | Noticed an ogre
   123 | D        | Killed an ogre
   124 | D        | Reached XP level 3. HP: 39/39 MP: 2/2
   124 | D        | Reached XP level 4. HP: 47/47 MP: 3/3
   178 | D        | Noticed Sigmund
   184 | D        | Killed Sigmund
   185 | D        | Reached skill level 1 in Dodging
   185 | D        | Reached XP level 5. HP: 56/56 MP: 4/4
   185 | D        | Reached XP level 6. HP: 62/62 MP: 5/5
   198 | D        | Found an ornate altar of the Wu Jian Council.
   198 | D        | Found a shimmering blue altar of Sif Muna.
   200 | D        | Found a radiant altar of Vehumet.
   227 | D        | Found Baav's Magic Scroll Emporium.
   227 | D        | Found an ancient bone altar of Kikubaaqudgha.
   227 | D        | Found a hazy altar of Hepliaklqana.
   227 | D        | Found a stormy altar of Qazlal.
   227 | D        | Found a hide-covered altar of Uskayaw.
   227 | D        | Found a blossoming altar of Fedhas.
   227 | D        | Found a bloodstained altar of Trog.
   227 | D        | Found an iron altar of Okawaru.
   227 | D        | Found a basalt altar of Yredelemnul.
   227 | D        | Found a glowing golden altar of the Shining One.
   227 | D        | Found a snail-covered altar of Cheibriados.
   227 | D        | Found a sacrificial altar of Ru.
   227 | D        | Found a glowing silver altar of Zin.
   227 | D        | Found a shadowy altar of Dithmenos.
   227 | D        | Found a white marble altar of Elyvilon.
   227 | D        | Noticed a yak
   233 | D        | Killed a yak
   234 | D        | Found an opulent altar of Gozag.
   235 | D        | Found a sparkling altar of Nemelex Xobeh.
   240 | D        | Became a worshipper of Gozag Ym Sagoz the Greedy
   244 | D        | Bought a scroll of blinking for 90 gold pieces
   244 | D        | Bought a scroll of identify for 24 gold pieces
   257 | D        | Found a burning altar of Makhleb.
   257 | D        | Found a viscous altar of Jiyva.
   257 | D        | Found a shimmering altar of Xom.
   257 | D        | Found a corrupted altar of Lugonu.
   257 | D        | Noticed a slime creature
   265 | D        | Killed a slime creature
   266 | D        | Reached skill level 10 in Fighting
   266 | D        | Reached skill level 10 in Armour
   266 | D        | Reached skill level 10 in Shields
   266 | D        | Reached XP level 7. HP: 35/73 MP: 6/6
   449 | D        | Noticed a centaur warrior
   449 | D        | Noticed a centaur warrior
   463 | D        | Killed a centaur warrior
   464 | D        | Reached skill level 10 in Maces & Flails
   464 | D        | Reached XP level 8. HP: 10/82 MP: 7/7
   466 | D        | Killed a centaur warrior
   467 | D        | Reached skill level 5 in Dodging
   792 | D        | Noticed a hornet
   798 | D        | Killed a hornet
   799 | D        | Reached XP level 9. HP: 62/91 MP: 8/8
   971 | D        | Noticed a deep troll
   981 | D        | Slain by a deep troll

Illustrated notes

Levels and vault maps discovered:
D:        dungeon_sprint_1 [red_sonja_temple_1, red_sonja_temple_small_1]

Skill      XL: |  1  2  3  4  5  6  7  8 |
---------------+-------------------------+-----
Fighting       | 5 7 8 10 11 12 | 12.4
Maces & Flails | 3 4 6 8 10 11 | 11.7
Armour         | 5 7 8 10 11 12 | 12.9
Shields        | 5 6 8 10 11 12 | 12.0
Dodging        | 1 2 4 5 |  5.3
Stealth        | |  0.2

Action                   |  1- 3 |  4- 6 |  7- 9 || total
-------------------------+-------+-------+-------++-------
Melee: Flail             |    16 |    17 |    29 ||    62
       Headbutt          |     3 |     5 |    10 ||    18
  Use: Potion            |     1 |     1 |     2 ||     4
       Scroll            |       |       |     1 ||     1
Armor: Scale mail        |     6 |     3 |    27 ||    36
Dodge: Dodged            |     9 |     5 |    29 ||    43
Block: Buckler           |     3 |     4 |    17 ||    24

Table legend: (Time is in decaauts)
 A = Elapsed time spent in this place.
 B = Non-inter-level travel time spent in this place.
 C = Inter-level travel time spent in this place.
 D = Time resting spent in this place.
 E = Time spent auto-exploring this place.
 F = Levels seen in this place.
 G = Mean time per level.
                   A        B        C        D        E       F      G
               +--------+--------+--------+--------+--------+-----+--------+
         Total |   1002 |   1002 |      0 |    735 |      1 |   1 | 1002.0 |
       Dungeon |   1002 |   1002 |      0 |    735 |      1 |   1 | 1002.0 |
               +--------+--------+--------+--------+--------+-----+--------+

Top non-repeatable levels by time:
       D: 1002 daAuts
